 Dungeon Crawl Stone Soup version 0.26-a0-651-gb41185065b (webtiles) character file.

Game seed: 11520370564499788073

7 Lugonue the Insei (level 2, 0/18 HPs)
             Began as an Octopode Transmuter on Oct 29, 2020.
             Slain by a jackal (2 damage)
             ... on level 1 of the Dungeon.
             The game lasted 00:00:24 (128 turns).

Lugonue the Insei (Octopode Transmuter)              Turns: 128, Time: 00:00:24

Health: 0/18       AC:  1    Str:  9    XL:     2   Next: 4%
Magic:  3/5        EV: 13    Int: 15    God:
Gold:   0          SH:  0    Dex: 12    Spells: 4/5 levels left

rFire    . . .     SeeInvis .     - Unarmed
rCold    . . .     Faith    .   (no shield)
rNeg     . . .     Spirit   .   (helmet currently unavailable)
rPois    .         Reflect  .   (no amulet)
rElec    .         Harm     .   (no ring)
rCorr    .         Rampage  .   (no ring)
MR       .....                  (no ring)
Stlth    ++........             (no ring)
HPRegen  0.06/turn              (no ring)
MPRegen  0.09/turn              (no ring)
                                (no ring)
                                (no ring)

@: appendages (expiring)
A: almost no armour, stealthy swim, amphibious, 8 rings, constrict 8, tentacle
spike 3, camouflage 1, gelatinous body 1
a: End Transformation


You were on level 1 of the Dungeon.
One of your tentacles had a temporary spike.
You visited 1 branch of the dungeon, and saw 1 of its levels.

You aren't carrying anything.


   Skills:
 + Level 1.0 Fighting
 + Level 2.3 Dodging
 + Level 3.3 Unarmed Combat
 + Level 2.0 Spellcasting
 + Level 2.0 Transmutations


You had 4 spell levels left.
You knew the following spells:

 Your Spells              Type           Power        Failure   Level
a - Beastly Appendage     Tmut           #.....       10%         1

Your spell library contained the following spells:

 Spells                   Type           Power        Failure   Level
 Wereblood                Tmut           #.......     14%         2
 Spider Form              Tmut/Pois      #.........   41%         3
 Ice Form                 Ice/Tmut       #.......     82%         4
 Blade Hands              Tmut           #.........   95%         5


Dungeon Overview and Level Annotations

Branches:
Dungeon (1/15)

Altars:


Innate Abilities, Weirdness & Mutations

You cannot wear most types of armour.
You are very stealthy in the water. (Stealth+)
You are amphibious.
You can wear up to eight rings at the same time.
You can use your tentacles to constrict eight enemies at once.
Your skin changes colour to match your surroundings (Stealth+).
Your rubbery body absorbs attacks. (AC +1, EV +1)
One of your tentacles bears a large vicious spike.


Message History

The hobgoblin hits you but does no damage.
You tentacle-slap the hobgoblin.
You kill the hobgoblin!
The jackal bites you.
* * * LOW HITPOINT WARNING * * *
You aren't carrying any scrolls.
Unknown command.
You tentacle-slap the jackal but do no damage.
You grab the jackal.
You constrict the jackal, but do no damage.
The jackal struggles to escape constriction.
You release your grip on the jackal.
Your transformation is almost over.
The jackal barely misses you.
You tentacle-slap the jackal but do no damage.
You grab the jackal.
You pierce the jackal.
You kill the jackal!
You have reached level 2!
The jackal bites you.
You die...

#### .$. ####..
#$.... #..(..
.#.!...###########
>....w.)h.........
.#...#####†..######
#......@h...##...#
#.########.......#
#. #.......# #.#+#
#.......# #....
#......##
##...#####......#
.(......††......#
........#########
........#


You could see a jackal.

Vanquished Creatures
  2 hobgoblins (D:1)
  2 jackals (D:1)
  A bat (D:1)
  2 rats (D:1)
7 creatures vanquished.

Notes
Turn   | Place    | Note
-------+----------+-------------------------------------------
     0 | D:1      | Lugonue the Octopode Transmuter began the quest for the
                  | Orb.
     0 | D:1      | Reached XP level 1. HP: 13/13 MP: 3/3
   127 | D:1      | Reached XP level 2. HP: 2/18 MP: 3/5
   128 | D:1      | Slain by a jackal

Illustrated notes

Levels and vault maps discovered:
D:1:      nagdon_arrival_double_spiral, layout_basic

Action                   || total
-------------------------++-------
Melee: Unarmed           ||    16
       Constrict         ||     6
       Tentacles         ||     4
       Kick              ||     1
 Cast: Beastly Appendage ||     1
 Stab: Sleeping          ||     1
Armor: Skin              ||     1
Dodge: Dodged            ||    12

Table legend: (Time is in decaauts)
 A = Elapsed time spent in this place.
 B = Non-inter-level travel time spent in this place.
 C = Inter-level travel time spent in this place.
 D = Time resting spent in this place.
 E = Time spent auto-exploring this place.
 F = Levels seen in this place.
 G = Mean time per level.
                   A        B        C        D        E       F      G
               +--------+--------+--------+--------+--------+-----+--------+
         Total |    126 |    126 |      0 |      0 |     86 |   1 |  126.0 |
       Dungeon |    126 |    126 |      0 |      0 |     86 |   1 |  126.0 |
               +--------+--------+--------+--------+--------+-----+--------+

Top non-repeatable levels by time:
     D:1: 126 daAuts
